General information
- name: BNet
- type: Ladder 1vs1/FFA
- host: Battle.net
- saver: scrooloose
map: LostTemple
- players: 2
- length: 14:32
- speed: Fast
- version: 1.21 W3XP
- replay type: Public
» download(48 KB)
Players
team 1 (loser)
Pimples_5 (
purple | 51 APM | 738 actions | 14:30)
3 Mountain King
2 Storm Bolt
1 Bash
» actions
| Assign group hotkey | 12 | |
| Build / train | 65 | |
| Enter build submenu | 24 | |
| Enter hero's abilities submenu | 3 | |
| Remove unit from queue | 2 | |
| Right click | 279 | |
| Select / deselect | 232 | |
| Select group hotkey | 62 | |
| Use ability | 59 | |
738 total
» units
» upgrades
» buildings
| Altar of Kings | 1 | |
| Farm | 5 | |
| Arcane Vault | 1 | |
| Lumber Mill | 1 | |
| Barracks | 2 | |
| Scout Tower | 8 | |
| Guard Tower | 9 | |
| Town Hall | 2 | |
| Blacksmith | 1 | |
| Keep | 1 | |
31 total
» build order
00:21 Altar of Kings
00:39 Farm
00:57 Farm
01:08 Farm
01:35 Arcane Vault
01:45 Lumber Mill
01:52 Farm
02:19 Barracks
02:25 Scout Tower
02:34 Farm
02:46 Scout Tower
02:54 Scout Tower
03:00 Scout Tower
03:07 Guard Tower
03:18 Guard Tower
03:24 Guard Tower
03:49 Guard Tower
06:00 Town Hall
06:06 Scout Tower
06:11 Scout Tower
06:14 Scout Tower
06:16 Scout Tower
06:43 Guard Tower
06:44 Guard Tower
06:45 Guard Tower
06:46 Guard Tower
07:33 Guard Tower
09:38 Barracks
09:43 Blacksmith
10:11 Keep
12:11 Town Hall
» items
| Lesser Clarity Potion | 5 | |
| Scroll of Regeneration | 3 | |
| Potion of Mana | 1 | |
| Potion of Healing | 1 | |
10 total
team 2 (winner)
scrooloose (
teal | 136 APM | 1982 actions | 14:32)
4 Blademaster
2 Wind Walk
2 Critical Strike
3 Shadow Hunter
1 Hex
2 Healing Wave
» actions
| Assign group hotkey | 24 | |
| Basic commands | 115 | |
| Build / train | 45 | |
| ESC pressed | 1 | |
| Enter build submenu | 13 | |
| Enter hero's abilities submenu | 7 | |
| Right click | 719 | |
| Select / deselect | 181 | |
| Select group hotkey | 815 | |
| Use ability | 62 | |
1982 total
» units
| Peon | 9 | |
| Grunt | 6 | |
| Raider | 4 | |
| Wind Rider | 2 | |
21 total
» upgrades
| Berserker Strength | 1 | |
| Ensnare | 1 | |
| Armor | 1 | |
3 total
» buildings
| Altar of Storms | 1 | |
| Orc Burrow | 4 | |
| Barracks | 1 | |
| Voodoo Lounge | 1 | |
| Stronghold | 1 | |
| Beastiary | 1 | |
| War Mill | 1 | |
| Fortress | 1 | |
| Spirit Lodge | 1 | |
12 total
» build order
00:05 Altar of Storms
00:19 Orc Burrow
00:33 Barracks
01:32 Orc Burrow
01:57 Voodoo Lounge
02:59 Stronghold
03:53 Orc Burrow
05:01 Orc Burrow
05:40 Beastiary
06:02 War Mill
09:56 Fortress
11:55 Spirit Lodge
» items
| Scroll of Speed | 1 | |
| Lesser Clarity Potion | 1 | |
| Healing Salve | 2 | |
4 total
Chat log
(14:25 / All) Pimples_5: FUCKING GEEK